 Dungeon Crawl Stone Soup version 0.23-a0-164-g7711e57 (webtiles) character file.

178 tsouns the Sneak (level 5, 0/33 HPs)
             Began as an Octopode Air Elementalist on Sept 10, 2018.
             Slain by a killer bee (6 damage)
             ... on level 3 of the Dungeon.
             The game lasted 00:09:54 (3112 turns).

tsouns the Sneak (Octopode Air Elementalist)        Turns: 3112, Time: 00:09:56

Health: 0/33       AC:  3    Str:  7    XL:     5   Next: 58%
Magic:  3/9        EV: 14    Int: 18    God:
Gold:   112        SH:  0    Dex: 18    Spells: 3/9 levels left

rFire    + . .     SeeInvis +   m - +1 dagger (protect)
rCold    + . .     Gourm    .   (no shield)
rNeg     . . .     Faith    .   (helmet restricted)
rPois    +         Spirit   .   (no amulet)
rElec    +         Reflect  .   d - ring of resist corrosion
rCorr    +         Harm     .   l - ring of see invisible
MR       .....                  r - +5 ring of dexterity
Stlth    ++++......             t - +2 ring of protection
HPRegen  0.11/turn              (no ring)
MPRegen  0.11/turn              (no ring)
                                (no ring)
                                (no ring)

@: resistant, very slightly contaminated
A: almost no armour, stealthy swim, amphibious, 8 rings, constrict 8, camouflage
1, gelatinous body 1
a: no special abilities


You were on level 3 of the Dungeon.
You were not hungry.

You visited 1 branch of the dungeon, and saw 3 of its levels.

You collected 112 gold pieces.

Inventory:

Hand Weapons
 f - a +0 whip
 i - a +0 hand axe
 k - a +4 short sword
 m - a +1 dagger of protection (weapon)
 A - a +0 trident
Missiles
 c - 135 stones (quivered)
 o - 4 poisoned tomahawks
 u - 18 sling bullets
Armour
 q - a +0 shield
Jewellery
 d - a ring of resist corrosion (left tentacle)
 h - an uncursed amulet of guardian spirit
 l - a ring of see invisible (right tentacle)
 r - a +5 ring of dexterity (on tentacle)
 t - a +2 ring of protection (on tentacle)
Wands
 p - a wand of acid (3)
Scrolls
 e - 2 scrolls of remove curse {unknown}
 g - 3 scrolls of teleportation {unknown}
 j - 3 scrolls of identify {unknown}
 n - a scroll of fear {unknown}
 w - a scroll of noise {unknown}
 y - a scroll of amnesia {unknown}
 B - a scroll of magic mapping {unknown}
Potions
 a - a potion of cancellation {unknown}
 s - a potion of resistance
 v - a potion of curing {unknown}
 z - a potion of berserk rage {unknown}
Comestibles
 b - 12 rations
 x - 2 chunks of flesh


   Skills:
 - Level 1.0 Fighting
 + Level 1.6 Short Blades
 - Level 2.3 Dodging
 + Level 4.0 Stealth
 + Level 2.7 Spellcasting
 + Level 2.3 Conjurations
 + Level 3.8 Air Magic


You had 3 spell levels left.
You knew the following spells:

 Your Spells              Type           Power        Failure   Level  Hunger
a - Shock                 Conj/Air       ##..         4%          1    #......
b - Swiftness             Chrm/Air       #.......     12%         2    ##.....
c - Static Discharge      Conj/Air       ##......     14%         3    ###....

Your spell library contained the following spells:

 Spells                   Type           Power        Failure   Level  Hunger
 Airstrike                Air            ###.......   34%         4    #####..
 Lightning Bolt           Conj/Air       ##........   78%         5    ######.


Dungeon Overview and Level Annotations

Branches:
Dungeon (3/15)

Altars:
Gozag
Okawaru


Innate Abilities, Weirdness & Mutations

You cannot wear most types of armour.
You are very stealthy in the water. (Stealth+)
You are amphibious.
You can wear up to eight rings at the same time.
You can use your tentacles to constrict eight enemies at once.
Your skin changes colour to match your surroundings (Stealth+).
Your rubbery body absorbs attacks. (AC +1, EV +1)


Message History

Casting: Shock (safe; 4% risk of failure)
Confirm with . or Enter, or press ? or * to list all spells.
You miscast Static Discharge.
Ouch! You feel a sudden electric shock. The killer bee barely misses you.
The killer bee stings you. x2
The killer bee stings you. The killer bee misses you.
The killer bee stings you. The killer bee closely misses you.
The killer bee stings you!
* * * LOW HITPOINT WARNING * * *
The killer bee stings you.
* * * LOW HITPOINT WARNING * * *
Casting: Static Discharge (safe; 14% risk of failure)
Confirm with . or Enter, or press ? or * to list all spells.
The killer bee is struck by lightning.
The killer bee is heavily wounded.
The lightning grounds out.
The killer bee misses you. x2
Unknown command.
It was a potion of resistance.
You feel protected. The killer bee misses you. The killer bee stings you.
You die...

.# #.# .# #.# .# #.#
.# #.##############
.## #)....y........$
#.## #####
#..#############
##.######...### #..#
##...†.......####y.#
#.#####........@yyy#
#.# #......#####.#
.# ##..>#.......# .#
##.########## .# #.#
.# #.# ## #.# #.#


You could see 4 killer bees.

Vanquished Creatures
  A killer bee (D:3)
  An iguana (D:3)
  2 adders (D:3)
  2 oozes (D:1)
  3 worms (D:2)
  2 dart slugs
  3 ball pythons
  2 giant cockroaches
  5 goblins
  9 hobgoblins
  7 jackals
  A quokka (D:2)
  9 bats
  5 frilled lizards
  10 kobolds
  9 rats
71 creatures vanquished.

Notes
Turn   | Place    | Note
-------+----------+-------------------------------------------
     0 | D:1      | tsouns the Octopode Air Elementalist began the quest for
                  | the Orb.
     0 | D:1      | Reached XP level 1. HP: 11/11 MP: 3/3
   108 | D:1      | Reached XP level 2. HP: 18/18 MP: 0/5
   276 | D:1      | Reached skill level 3 in Stealth
   536 | D:1      | Reached XP level 3. HP: 20/22 MP: 2/6
  1186 | D:1      | Reached skill level 1 in Fighting
  1511 | D:2      | Learned a level 2 spell: Swiftness
  1515 | D:2      | Learned a level 3 spell: Static Discharge
  1572 | D:2      | Reached XP level 4. HP: 28/28 MP: 5/7
  1971 | D:2      | Found an iron altar of Okawaru.
  2382 | D:3      | Reached skill level 1 in Short Blades
  2596 | D:3      | Reached XP level 5. HP: 16/33 MP: 0/9
  2838 | D:3      | Found an opulent altar of Gozag.
  3078 | D:3      | Reached skill level 4 in Stealth
  3112 | D:3      | Slain by a killer bee

Vault maps used:
D:1:      sevenhm_arrival_forest_fort_large_2, serial_forest,
          infiniplex_forest_end_2, infiniplex_forest_join,
          infiniplex_forest_diagonal, infiniplex_forest_straight_2,
          infiniplex_forest_lined_2, infiniplex_forest_lined_3,
          infiniplex_forest_clump_small, infiniplex_forest_clump_medium,
          minmay_cupped
D:2:      okawaru_trees_2, st_stairs_14
D:3:      elyvilon_altar_3, lemuel_doored_altar

Skill      XL: |  1  2  3  4  5 |
---------------+----------------+-----
Stealth        | 3 4 |  4.0
Fighting       | 1 |  1.0
Short Blades   | 1 |  1.6
Conjurations   | 2 |  2.3
Dodging        | |  2.3
Spellcasting   | |  2.7
Air Magic      | |  3.8

Action                   |  1- 3 |  4- 6 || total
-------------------------+-------+-------++-------
Melee: Hand axe          |    10 |       ||    10
       Constrict         |     7 |     9 ||    16
       Unarmed           |     2 |       ||     2
       Tentacles         |     2 |     4 ||     6
       Whip              |     1 |       ||     1
       Dagger            |    22 |    38 ||    60
       Short sword       |     3 |       ||     3
 Cast: Shock             |    47 |    31 ||    78
       Static Discharge  |       |     2 ||     2
  Use: Potion            |       |     1 ||     1
 Stab: Sleeping          |    10 |     6 ||    16
  Eat: Chunk             |     2 |     6 ||     8
Armor: Skin              |     2 |    14 ||    16
Dodge: Dodged            |    17 |    51 ||    68

Table legend:
 A = Non-vault XP
 B = Vault XP
 C = Vault XP percentage of total XP
 D = Non-vault monster count
 E = Vault monster count
 F = Vault count percentage of total count
                 A         B        C        D         E       F
            +---------+---------+-------+---------+---------+-------
      Total |     245 |      10 |   3.9 |      67 |       4 |   5.6
            +---------+---------+-------+---------+---------+-------
        D:1 |      63 |       5 |   7.4 |      31 |       3 |   8.8
        D:2 |      41 |       5 |  10.9 |      20 |       1 |   4.8
        D:3 |     141 |       0 |   0.0 |      16 |       0 |   0.0
            +---------+---------+-------+---------+---------+-------
